 Dungeon Crawl Stone Soup version 0.23-a0-109-g5e4b187 (console) character file.

28 toffzen the Shield-Bearer (level 3, -1/26 HPs)
             Began as an Octopode Fighter on Aug 22, 2018.
             Slain by a gnoll
             ... wielding a +0 halberd
              (13 damage)
             ... on level 1 of the Dungeon.
             The game lasted 00:03:50 (655 turns).

toffzen the Shield-Bearer (Octopode Fighter)         Turns: 655, Time: 00:03:51

Health: -1/26      AC:  1    Str: 20    XL:     3   Next: 14%
Magic:  3/3        EV: 11    Int: 11    God:
Gold:   42         SH:  9    Dex: 11    Spells: 2/2 levels left

rFire    . . .     SeeInvis .   a - +0 trident
rCold    . . .     Gourm    .   b - +0 shield
rNeg     . . .     Faith    .   (helmet restricted)
rPois    .         Spirit   .   (no amulet)
rElec    .         Reflect  .   (no ring)
rCorr    .         Harm     .   (no ring)
MR       .....                  (no ring)
Stlth    ++........             (no ring)
HPRegen  0.08/turn              (no ring)
MPRegen  0.08/turn              (no ring)
                                (no ring)
                                (no ring)

@: mighty
A: almost no armour, stealthy swim, amphibious, 8 rings, constrict 8, camouflage
1, gelatinous body 1
a: no special abilities


You were on level 1 of the Dungeon.
You were not hungry.

You visited 1 branch of the dungeon, and saw 1 of its levels.

You collected 42 gold pieces.

Inventory:

Hand Weapons
 a - a +0 trident (weapon)
 h - a +0 hunting sling
Missiles
 i - 51 stones (quivered)
Armour
 b - a +0 shield (worn)
Scrolls
 e - a scroll of remove curse {unknown}
 f - a scroll of identify {unknown}
 l - a scroll of fear {unknown}
Potions
 j - a potion of flight {unknown}
 k - a potion of resistance {unknown}
Comestibles
 d - 5 rations
 g - 6 chunks of flesh


   Skills:
 + Level 3.2 Fighting
 * Level 2.5 Polearms
 + Level 3.2 Dodging
 * Level 3.3 Shields


You had 2 spell levels left.
You didn't know any spells.
Your spell library was empty.

Dungeon Overview and Level Annotations

Branches:
Dungeon (1/15)

Altars:


Innate Abilities, Weirdness & Mutations

You cannot wear most types of armour.
You are very stealthy in the water. (Stealth+)
You are amphibious.
You can wear up to eight rings at the same time.
You can use your tentacles to constrict eight enemies at once.
Your skin changes colour to match your surroundings (Stealth+).
Your rubbery body absorbs attacks. (AC +1, EV +1)


Message History

Press: ? - help, Dir - move target cursor, f/p - gnoll
Aim: a gnoll, wielding a halberd You reach to attack!
You puncture the gnoll!
The gnoll is almost dead.
You block the gnoll's attack.
Attack whom?
Press: ? - help, Dir - move target cursor, f/p - gnoll
Aim: a gnoll, wielding a halberd (almost dead)
You reach to attack!
Your shield prevents you from hitting the gnoll.
The gnoll is almost dead.
You block the gnoll's attack.
Attack whom?
Press: ? - help, Dir - move target cursor, f/p - gnoll
Aim: a gnoll, wielding a halberd (almost dead)
You reach to attack!
You closely miss the gnoll.
The gnoll is almost dead.
The gnoll hits you from afar with a halberd!
Ouch! That really hurt!
You die...

# ##..#.#.### #.# #
######..##.# #.#######
......)..#.# #........
......##...# #####...#
.........(.## ######....##
......#..#..## #...........
#........#.(.## ##....####.##
##.........#..## ###...### #)#
#(#g....####..####....#######.#
#(g.....# ##g.#...#..........#
........# ##(@.####.#########
##.......## ########.#
......... .......>.# ####
##.......## ########.# #...
..... #.# ###.## ...
#.#####..... #.# #....)......
#.# ######..#.#. .####.#
#..#.#. ......### #..#.#.
.##.....# #......


You could see a gnoll.

Vanquished Creatures
  A dart slug (D:1)
  3 bats (D:1)
  A giant cockroach (D:1)
  4 goblins (D:1)
  2 hobgoblins (D:1)
  6 kobolds (D:1)
  A frilled lizard (D:1)
  9 rats (D:1)
27 creatures vanquished.

Notes
Turn   | Place    | Note
-------+----------+-------------------------------------------
     0 | D:1      | toffzen the Octopode Fighter began the quest for the Orb.
     0 | D:1      | Reached XP level 1. HP: 16/16 MP: 1/1
   175 | D:1      | Reached XP level 2. HP: 21/21 MP: 2/2
   439 | D:1      | Reached XP level 3. HP: 26/26 MP: 3/3
   655 | D:1      | Slain by a gnoll

Vault maps used:
D:1:      dpeg_arrival_line_fractal, minmay_pentomino_r4

Action                   || total
-------------------------++-------
Melee: Trident           ||    51
       Constrict         ||     6
       Tentacles         ||     4
Throw: Stone             ||     2
  Use: Potion            ||     1
 Stab: Sleeping          ||     7
Armor: Skin              ||     3
Dodge: Dodged            ||    18
Block: Shield            ||    10

Table legend:
 A = Non-vault XP
 B = Vault XP
 C = Vault XP percentage of total XP
 D = Non-vault monster count
 E = Vault monster count
 F = Vault count percentage of total count
                 A         B        C        D         E       F
            +---------+---------+-------+---------+---------+-------
      Total |      35 |       6 |  14.6 |      23 |       4 |  14.8
            +---------+---------+-------+---------+---------+-------
        D:1 |      35 |       6 |  14.6 |      23 |       4 |  14.8
            +---------+---------+-------+---------+---------+-------
